AoeStats
← KRM Draykon

Black Forest

510397445Analyzed
4v4 RM · 23h ago on Sep 30, 2026· 54m 0s· 8 players
Game mode
Random Map
Map size
Large (8 player)
Population
200
Speed
Normal
Resources
Standard
Victory
Conquest
Starting age
Dark Age
Ending age
Imperial Age
RankedLock teamsTeams togetherTeam positionsShared explorationLock speedFull tech treeHidden civsTurbo modeCheats
Victory
Defeat
🇩🇪 Mapuche · Germany
932
+15
🇩🇪 Persians · Germany
887
+16
🇫🇷 Romans · France
865
+17
🇫🇷 Spanish · France
823
+19
🇺🇸 Teutons · United States
948
-18
🇨🇱 Persians · Chile
917
-18
🇨🇱 Sicilians · Chile
901
-20
🇹🇷 Mongols · Türkiye
815
-14
farigs4
0:32 Loom
13:09 Feudal Age
15:03 Wheelbarrow
14:34 Double-Bit Axe
15:17 Stone Mining
20:12 Gold Mining
23:07 Castle Age
21:54 Horse Collar
26:53 Hand Cart
33:38 Imperial Age
31:22 Bow Saw
31:53 Gold Shaft Mining
32:23 Caravan
33:50 Ballistas
34:24 Scale Barding Armor
34:30 Forging
34:04 Heavy Scorpion
35:23 Conscription
35:57 Elite Centurion
37:45 Chain Barding Armor
37:51 Ballistics
TrueCrime
0:30 Loom
13:34 Feudal Age
14:03 Horse Collar
14:08 Double-Bit Axe
21:52 Castle Age
20:50 Stone Mining
20:51 Gold Mining
21:35 Fishing Lines
22:54 Wheelbarrow
26:17 Gillnets
30:37 Heavy Plow
30:48 Bow Saw
32:12 Gold Shaft Mining
31:06 Pikeman
33:10 Fletching
33:20 Padded Archer Armor
33:31 Forging
33:22 Scale Mail Armor
33:37 Arson
34:19 Caravan
36:55 Imperial Age
35:28 Hand Cart
36:04 Iron Casting
35:25 Bodkin Arrow
37:33 Ballistics
37:02 Onager
38:21 Conscription
38:56 Crop Rotation
38:59 Malon
39:37 Butalmapu
40:47 Chemistry
40:29 Elite Kona
41:50 Halberdier
44:47 Chain Mail Armor
45:32 Blast Furnace
44:48 Leather Archer Armor
53:06 Champi Runner
KRM Draykon
13:07 Feudal Age
14:26 Double-Bit Axe
19:04 Castle Age
16:59 Stone Mining
17:06 Gold Mining
17:11 Horse Collar
20:25 Bow Saw
20:18 Heavy Plow
23:38 Stone Shaft Mining
27:33 Wheelbarrow
26:44 Loom
31:03 Fletching
31:15 Padded Archer Armor
32:28 Hand Cart
31:59 Town Watch
35:10 Imperial Age
32:58 Bodkin Arrow
33:20 Leather Archer Armor
34:08 Ballistics
34:59 Caravan
35:48 Pikeman
36:31 Halberdier
37:13 Squires
37:11 Arson
38:23 Conscription
39:11 Elite Conquistador
41:40 Chemistry
41:49 Bracer
42:21 Ring Archer Armor
41:52 Scale Mail Armor
42:03 Forging
43:38 Forging
43:35 Scale Barding Armor
44:52 Hoardings
44:21 Murder Holes
44:37 Masonry
44:43 Fortified Wall
44:28 Arrowslits
45:22 Iron Casting
45:08 Chain Mail Armor
45:26 Chain Barding Armor
47:18 Blast Furnace
46:56 Plate Barding Armor
47:53 Plate Mail Armor
Jimmy Levy (GEO)
1:06 Loom
15:21 Feudal Age
18:52 Castle Age
18:22 Double-Bit Axe
18:33 Horse Collar
25:25 Bow Saw
26:05 Heavy Plow
26:16 Fishing Lines
26:50 Gillnets
28:58 Wheelbarrow
29:04 Town Watch
29:16 Gold Mining
29:18 Stone Mining
29:32 Caravan
33:33 Imperial Age
32:54 Gold Shaft Mining
32:57 Stone Shaft Mining
33:05 Hand Cart
32:58 Scale Barding Armor
35:19 Two-Man Saw
35:22 Chemistry
34:43 Ballistics
34:56 Coinage
34:46 Guilds
35:26 Elite War Elephant
36:43 Hoardings
36:30 Conscription
36:21 Citadels
36:47 Chain Barding Armor
37:07 Crop Rotation
38:28 Plate Barding Armor
37:54 Scale Mail Armor
37:55 Padded Archer Armor
37:46 Guard Tower
39:11 Forging
39:10 Fletching
39:24 Town Patrol
38:48 Pikeman
39:28 Squires
39:14 Arson
40:27 Sappers
40:59 Kamandaran
41:31 Chain Mail Armor
41:32 Leather Archer Armor
41:33 Masonry
42:21 Banking
42:32 Iron Casting
41:52 Bodkin Arrow
42:06 Siphons
42:12 Clinker Construction
42:12 Careening
42:10 Crossbowman
42:56 Thumb Ring
42:11 Elite Skirmisher
43:27 Plate Mail Armor
43:29 Architecture
45:42 Ring Archer Armor
45:11 Murder Holes
45:37 Dry Dock
45:38 Carvel Hull
45:29 Incendiaries
46:24 Blast Furnace
47:00 Onager
47:02 Capped Ram
49:14 Heated Shot
53:35 Siege Ram
Governator01
9:10 Loom
12:02 Feudal Age
12:31 Double-Bit Axe
12:30 Horse Collar
16:33 Wheelbarrow
20:54 Castle Age
25:00 Bow Saw
32:00 Imperial Age
29:51 Hand Cart
32:12 Ballistics
32:03 Fortified Wall
32:18 Ballistics
31:58 Gold Mining
32:32 Masonry
32:15 Fletching
32:26 Scale Mail Armor
33:57 Chemistry
33:21 Heavy Plow
34:42 Siege Engineers
34:49 Masonry
34:58 Onager
36:16 Forging
36:12 Scale Barding Armor
36:02 Bodkin Arrow
35:52 Cavalier
37:59 Iron Casting
36:54 Pikeman
38:39 Bloodlines
39:45 Conscription
39:46 Crenellations
40:15 Chain Barding Armor
41:35 Siege Onager
43:33 Paladin
46:45 Hoardings
46:31 Ironclad
47:18 Blast Furnace
46:53 Plate Barding Armor
46:34 Chain Mail Armor
48:46 Caravan
50:39 Elite Teutonic Knight
54:39 Plate Mail Armor
XITRO
0:57 Loom
12:16 Feudal Age
13:37 Double-Bit Axe
15:26 Horse Collar
20:04 Castle Age
23:08 Wheelbarrow
25:08 Heavy Plow
26:19 Gold Mining
27:49 Bow Saw
33:19 Imperial Age
31:49 Fletching
32:38 Hand Cart
32:28 Murder Holes
34:39 Chemistry
35:00 Masonry
34:52 Town Watch
35:37 Forging
35:33 Scale Barding Armor
35:59 Caravan
35:57 Bodkin Arrow
36:08 Town Patrol
36:35 Ballistics
37:31 Iron Casting
37:20 Conscription
37:54 Hoardings
38:26 Crop Rotation
38:52 Heavy Scorpion
40:40 Elite War Elephant
43:33 Chain Barding Armor
44:07 Citadels
43:59 Kamandaran
44:15 Man-at-Arms
44:41 Gambesons
44:56 Squires
44:42 Arson
46:07 Medium Warships
47:25 Two-Man Saw
47:10 Heavy Warships
48:08 Blast Furnace
51:12 Plate Barding Armor
51:52 Scale Mail Armor
52:55 Architecture
Blacklovess
11:27 Feudal Age
12:02 Double-Bit Axe
12:40 Horse Collar
18:58 Castle Age
17:12 Fletching
17:55 Gold Mining
22:17 Heavy Plow
22:30 Bow Saw
24:20 Bodkin Arrow
24:25 Padded Archer Armor
25:27 Stone Mining
27:20 Wheelbarrow
27:40 Stone Shaft Mining
27:02 Arson
30:01 Ballistics
30:13 Thumb Ring
31:07 Husbandry
31:31 Bloodlines
31:36 Padded Archer Armor
31:46 Forging
31:44 Scale Barding Armor
35:16 Imperial Age
33:29 Leather Archer Armor
35:41 Caravan
36:38 Gold Shaft Mining
36:20 Bracer
36:30 Forging
36:42 Chain Barding Armor
36:41 Forging
35:58 Elite Mangudai
37:14 Conscription
38:30 Chemistry
39:11 Parthian Tactics
39:24 Hand Cart
41:23 Fortified Wall
41:44 Murder Holes
42:19 Drill
41:25 Heavy Cavalry Archer
48:44 Elite Steppe Lancer
50:51 Heavy Camel Rider
ediazamaya0
0:58 Loom
15:48 Feudal Age
17:06 Wheelbarrow
16:17 Town Watch
18:03 Horse Collar
18:16 Arson
17:53 Man-at-Arms
24:49 Castle Age
26:50 Town Patrol
28:45 Hand Cart
28:55 Crossbowman
31:42 Heavy Plow
33:12 Gambesons
34:55 Padded Archer Armor
35:01 Scale Barding Armor
34:47 Fletching
34:58 Scale Mail Armor
35:37 Ballistics
35:25 Siphons
40:40 Imperial Age
40:13 Masonry
40:00 Murder Holes
44:30 Chemistry
43:21 Heated Shot
44:31 Long Swordsman
46:48 Two-Handed Swordsman
47:26 Arbalester
Connection lost

Rejoining the realm…

Still unreachable

The connection could not be restored.

Session expired

The server has moved on; the page needs a fresh start.